Map: [ESL] Moondance

Players

IlIIIllIlllI (Classic)

  • Race: Protoss Protoss
  • League: Diamond
  • Spawn Location: 6:00

Solar - Winner!

  • Race: Zerg Zerg
  • League: Master
  • Spawn Location: 12:00

Event: TSL 9

VOD

Have the link to the VOD?

Description

Time

  • Played on: Sept. 2, 2022, 9:55 a.m.
  • Length: 11:37

All games in this series

Show
View Real Time Build Order
Export as new Build Order

IlIIIllIlllI Protoss 

Build Orders: 1 Gate Expand, Oracle Opening 

Get SALT Encoding   

  12  0:00  Probe  
  13  0:12  Pylon  
  13  0:17  Probe (Chrono Boost)  
  14  0:29  Probe (Chrono Boost)  
  15  0:36  Probe (Chrono Boost)  
  15  0:39  Gateway  
  16  0:43  Probe  
  16  0:48  Assimilator  
  17  0:56  Probe  
  18  1:08  Probe  
  19  1:20  Probe  
  20  1:26  Nexus  
  20  1:32  Probe  
  21  1:39  Cybernetics Core  
  21  1:44  Probe  
  22  1:50  Assimilator  
  22  1:53  Pylon  
  22  1:56  Probe  
  23  2:11  Probe  
  23  2:12  Adept (Chrono Boost)  
  26  2:19  Stargate  
  26  2:23  Probe  
  26  2:27  Warp Gate  
  27  2:37  Stalker  
  27  2:40  Pylon  
  29  2:44  Pylon  
  29  2:47  Probe (Chrono Boost)  
  29  2:49  Probe (Chrono Boost)  
  31  2:58  Probe (Chrono Boost)  
  33  2:59  Probe (Chrono Boost)  
  33  3:04  Oracle (Chrono Boost), Probe  
  33  3:05  Probe  
  36  3:20  Adept, Probe x2  
  36  3:22  Pylon  
  39  3:32  Probe x2  
  41  3:35  Oracle  
  44  3:44  Probe x2  
  46  3:53  Nexus  
  44  3:57  Pylon  
  44  3:58  Probe  
  44  3:59  Probe  
  46  4:03  Assimilator  
  46  4:06  Assimilator  
  46  4:10  Probe  
  46  4:11  Probe (Chrono Boost)  
  46  4:15  Adept  
  50  4:23  Probe x2 (Chrono Boost)  
  52  4:27  Twilight Council, Forge  
  53  4:32  Probe x2 (Chrono Boost)  
  53  4:37  Probe (Chrono Boost)  
  53  4:38  Probe  
  56  4:46  Stalker  
  56  4:49  Probe (Chrono Boost), Pylon  
  56  4:50  Probe (Chrono Boost)  
  60  4:54  Blink  
  60  4:57  Protoss Ground Weapons Level 1 (Chrono Boost)  
  60  5:02  Probe (Chrono Boost)  
  63  5:07  Probe x2 (Chrono Boost)  
  63  5:11  Probe (Chrono Boost)  
  64  5:14  Probe (Chrono Boost)  
  64  5:16  Probe (Chrono Boost)  
  64  5:17  Stalker  
  64  5:18  Probe (Chrono Boost)  
  64  5:19  Probe (Chrono Boost)  
  64  5:20  Gateway  
  67  5:24  Gateway  
  67  5:25  Probe  
  67  5:27  Gateway  
  69  5:28  Probe  
  69  5:35  Gateway  
  70  5:37  Gateway  
  70  5:41  Stalker  
  70  5:45  Assimilator  
  70  5:47  Probe x3  
  73  6:04  Nexus  
  73  6:07  Probe x3, Pylon  
  73  6:18  Shield Battery  
  73  6:19  Probe x3  
  73  6:21  Stalker x4  
  84  6:26  Pylon  
  84  6:30  Photon Cannon  
  84  6:31  Probe x3  
  87  6:38  Stalker x2  
  91  6:47  Stalker x4  
  93  6:48  Probe x2  
  93  6:50  Pylon  
  93  6:53  Pylon  
  101  6:56  Robotics Facility  
  101  6:57  Protoss Ground Weapons Level 2 (Chrono Boost)  
  101  7:00  Charge  
  101  7:06  Pylon  
  101  7:08  Probe x3  
  104  7:20  Nexus  
  104  7:22  Pylon  
  104  7:27  Stalker x4  
  104  7:29  Probe  
  113  7:30  Probe x2  
  113  7:34  Stalker  
  113  7:35  Stalker  
  119  7:40  Photon Cannon  
  119  7:43  Gateway  
  119  7:44  Gateway  
  119  7:45  Pylon  
  119  7:48  Probe  
  119  7:49  Observer  
  119  7:50  Probe x2  
  123  7:52  Probe  
  123  7:56  Robotics Bay  
  123  7:57  Robotics Facility  
  124  8:02  Probe x3  
  124  8:04  Probe  
  128  8:05  Pylon  
  128  8:09  Stalker  
  128  8:10  Stalker x4  
  138  8:12  Stalker  
  138  8:16  Warp Prism (Chrono Boost)  
  142  8:24  Shield Battery x2  
  142  8:26  Photon Cannon  
  142  8:32  Stalker  
  142  8:33  Stalker x3  
  150  8:43  Shield Battery, Probe x4  
  150  8:44  Disruptor (Chrono Boost)  
  150  8:46  Shield Battery  
  150  8:47  Assimilator  
  157  8:49  Disruptor (Chrono Boost), Assimilator  
  157  8:51  Pylon  
  157  8:53  Assimilator  
  160  8:57  Assimilator  
  160  8:59  Photon Cannon  
  161  9:02  Probe  
  161  9:03  Probe x3  
  160  9:10  Stalker x7  
  168  9:18  Stalker  
  168  9:22  Disruptor (Chrono Boost)  
  168  9:23  Disruptor (Chrono Boost)  
  164  9:32  Gateway  
  164  9:34  Gateway  
  164  9:42  Zealot  
  164  9:43  Zealot x7  
  180  9:48  Stalker x7  
  180  9:49  Stalker  
  180  9:54  Disruptor (Chrono Boost), Pylon  
  180  9:57  Disruptor (Chrono Boost)  
  183  10:05  Nexus  
  183  10:06  Pylon  
  186  10:17  Zealot  
  186  10:18  Zealot x3  
  186  10:23  Stalker x6  
  176  10:37  Zealot x2  
  176  10:38  Disruptor x2 (Chrono Boost)  
  172  10:48  Zealot x4  
  172  10:49  Zealot x2  
  166  10:54  Stargate  
  166  10:55  Stargate  
  156  10:58  Fleet Beacon  
  156  11:01  Stalker x2  
  158  11:09  Stalker x4  
  144  11:17  Zealot x2  
Show
View Real Time Build Order
Export as new Build Order

Solar Zerg - Winner!

Build Orders: Hatch First, Lurkers 

Get SALT Encoding   

  12  0:00  Drone  
  13  0:12  Overlord  
  13  0:17  Drone  
  14  0:31  Drone x2  
  16  0:49  Hatchery  
  15  0:51  Drone  
  15  0:54  Drone  
  17  0:58  Drone  
  18  1:08  Extractor  
  17  1:15  Spawning Pool  
  17  1:17  Drone  
  17  1:20  Drone  
  18  1:28  Drone  
  19  1:38  Drone  
  20  1:50  Overlord  
  20  2:01  Queen x2  
  20  2:02  Zergling x4  
  26  2:11  Drone  
  26  2:12  Drone  
  26  2:15  Metabolic Boost  
  28  2:22  Drone  
  29  2:23  Drone  
  30  2:39  Drone  
  30  2:42  Zergling x2  
  32  2:45  Queen  
  34  2:51  Overlord  
  34  2:54  Zergling x2  
  34  2:55  Drone  
  36  3:10  Drone  
  36  3:11  Drone  
  38  3:16  Drone x2  
  39  3:20  Hatchery  
  39  3:21  Drone x2  
  39  3:24  Queen, Overlord  
  39  3:25  Overlord  
  42  3:27  Drone  
  43  3:36  Spore Crawler  
  43  3:39  Overlord  
  42  3:41  Queen  
  42  3:42  Drone  
  42  3:44  Drone  
  42  3:45  Drone  
  42  3:48  Drone  
  48  3:50  Drone  
  48  3:57  Drone x2  
  48  4:00  Evolution Chamber  
  48  4:02  Drone  
  48  4:08  Zergling x6, Spore Crawler  
  50  4:15  Drone x3  
  53  4:17  Queen  
  53  4:19  Overlord  
  55  4:28  Zergling x2  
  55  4:30  Drone x3  
  59  4:36  Zergling x2  
  59  4:39  Zergling x8  
  59  4:43  Queen  
  59  4:44  Drone x2  
  59  4:45  Drone  
  66  4:54  Overlord  
  66  4:55  Drone x2  
  66  4:58  Drone x3  
  71  5:01  Drone  
  71  5:05  Zerg Melee Weapons Level 1  
  71  5:07  Drone  
  71  5:08  Drone  
  71  5:09  Drone  
  71  5:11  Drone  
  71  5:12  Drone  
  71  5:14  Drone x2  
  76  5:15  Drone  
  77  5:21  Hatchery  
  77  5:26  Extractor  
  77  5:27  Overlord, Extractor  
  74  5:28  Lair  
  74  5:30  Drone  
  74  5:31  Spore Crawler  
  74  5:32  Drone x3  
  74  5:33  Baneling Nest, Drone  
  74  5:34  Drone x2  
  79  5:36  Drone  
  79  5:38  Overlord  
  79  5:40  Drone  
  79  5:45  Zergling x4, Extractor  
  79  5:46  Zergling x2, Extractor  
  80  5:51  Drone x4  
  80  5:54  Drone  
  80  5:56  Drone x2  
  85  6:02  Drone x3  
  88  6:04  Drone  
  88  6:09  Drone  
  88  6:10  Overlord  
  90  6:15  Zergling x2  
  90  6:18  Zergling x8  
  95  6:22  Drone  
  96  6:26  Overseer  
  96  6:31  Infestation Pit, Drone x3, Overlord x2  
  96  6:32  Drone x2  
  100  6:34  Zergling x4, Extractor  
  100  6:35  Overlord  
  100  6:38  Overlord  
  101  6:41  Overlord  
  101  6:43  Overlord  
  101  6:46  Drone x2  
  103  6:47  Drone  
  103  6:49  Drone  
  103  6:51  Overseer  
  103  6:53  Drone x2  
  107  6:55  Drone  
  107  6:56  Drone  
  107  6:57  Hydralisk Den  
  107  6:58  Zergling x10  
  113  7:01  Overlord  
  113  7:03  Zergling x2  
  113  7:04  Drone, Evolution Chamber  
  113  7:05  Zerg Melee Weapons Level 2  
  113  7:07  Zergling x2  
  115  7:11  Zergling x4  
  115  7:15  Overlord  
  116  7:16  Zergling x8  
  116  7:20  Zergling x2  
  116  7:22  Hive  
  119  7:26  Zergling x4  
  119  7:27  Zergling x6  
  119  7:28  Zergling x8  
  128  7:30  Lurker Den  
  128  7:31  Zerg Missile Weapons Level 1  
  128  7:32  Drone  
  128  7:34  Zergling x6  
  128  7:36  Overlord  
  131  7:39  Overlord  
  131  7:42  Zergling x2  
  132  7:45  Muscular Augments, Centrifugal Hooks  
  132  7:46  Zergling x8  
  132  7:48  Drone  
  137  7:52  Zergling x2  
  137  7:56  Hydralisk x7  
  153  7:58  Zergling x4  
  153  7:59  Zergling x2  
  153  8:01  Zergling x6  
  158  8:07  Zergling x4, Extractor  
  158  8:12  Baneling x2  
  159  8:13  Zergling x2, Baneling x3  
  159  8:14  Zergling x6, Hatchery  
  159  8:16  Drone  
  159  8:18  Drone x2  
  165  8:23  Drone  
  165  8:26  Zergling x10  
  165  8:27  Zergling x2  
  171  8:28  Overlord  
  171  8:32  Zergling x4  
  170  8:36  Seismic Spines, Adrenal Glands  
  170  8:38  Zergling x4  
  170  8:39  Drone  
  170  8:40  Drone  
  170  8:41  Overlord  
  171  8:42  Zergling x4  
  173  8:50  Zergling x6  
  173  8:54  Zergling x2  
  177  8:55  Spore Crawler  
  177  8:57  Zergling x2  
  177  8:58  Zergling x6  
  177  9:00  Grooved Spines  
  180  9:04  Lurker x4  
  180  9:05  Lurker x3  
  180  9:06  Zergling x16  
  180  9:08  Zergling x4  
  189  9:12  Zergling x2  
  189  9:13  Zergling x8  
  189  9:16  Drone  
  190  9:20  Zergling x2  
  181  9:25  Viper x2  
  181  9:27  Drone x4  
  190  9:33  Adaptive Talons  
  190  9:40  Zergling x18, Spine Crawler  
  190  9:42  Overlord x2  
  190  9:45  Overlord  
  198  9:47  Baneling  
  198  9:57  Baneling x5, Hatchery  
  198  9:58  Baneling x12, Extractor  
  198  9:59  Baneling  
  196  10:01  Zergling x8  
  200  10:17  Baneling x4  
  199  10:25  Zergling x4  
  199  10:27  Zergling x4  
  199  10:30  Zergling x4  
  199  10:32  Hydralisk x2  
  194  10:36  Zergling x12  
  194  10:39  Zergling x14  
  194  10:40  Zergling x2  
  194  10:42  Zergling x2  
  199  10:44  Zergling x2  
  199  10:47  Hydralisk x2  
  199  10:48  Zergling x4  
  199  10:49  Zergling x4  
  199  10:52  Zergling x2  
  199  11:02  Zergling x2  
  199  11:05  Zergling x2  
  199  11:07  Zergling x8  
  199  11:10  Hydralisk x2  
  198  11:12  Zergling x10  
Tags
 
Add a new tag
Caveats
  • Supply blocks, unpowered buildings, or Contaminate may cause inaccurate times.
  • Supply counts are checked every 10 seconds.